 Dungeon Crawl Stone Soup version 0.17.0-23-g0de4337 (webtiles) character file.

179 JudasIscariot the Covered (level 5, -8/41 HPs)
             Began as a Demonspawn Fighter on Nov 14, 2015.
             Mangled by a gnoll
             ... wielding a +0 flail
              (9 damage)
             ... on level 4 of the Dungeon.
             The game lasted 00:07:18 (2730 turns).

JudasIscariot the Covered (Demonspawn Fighter)      Turns: 2730, Time: 00:07:18

Health: -8/41      AC:  8    Str: 18    XL:     5   Next: 33%
Magic:  0/5        EV:  7    Int:  9    God:
Gold:   156        SH:  9    Dex: 12    Spells: 0 memorised, 4 levels left

rFire  + . .     SeeInvis .     a - +0 war axe
rCold  . . .     Clarity  .     b - +0 scale mail
rNeg   + . .     SustAt   .     c - +0 shield
rPois  .         Gourm    .     (no helmet)
rElec  .         Spirit   +     q - +0 cloak
rCorr  .         Warding  .     (no gloves)
rMut   .         Stasis   .     (no boots)
MR     .....                    y - amulet of rage
Stlth  ..........               o - ring of wizardry
                                i - ring of positive energy

@: not resistant to hostile enchantments, extremely unstealthy
A: fire resistance 1, magic shield
a: Evoke Berserk Rage


You were on level 4 of the Dungeon.
You were hungry.

You visited 1 branch of the dungeon, and saw 4 of its levels.

You collected 156 gold pieces.

Inventory:

Hand Weapons
 a - a +0 war axe (weapon)
Armour
 b - a +0 scale mail (worn)
 c - a +0 shield (worn)
 q - a +0 cloak (worn)
Jewellery
 i - a ring of positive energy (left hand)
 o - a ring of wizardry (right hand)
 y - an amulet of rage (around neck)
 A - an uncursed ring of protection from magic {unknown}
Scrolls
 f - 2 scrolls of random uselessness {unknown}
 j - a scroll of noise {unknown}
 k - 2 scrolls of magic mapping {unknown}
 l - a scroll of amnesia {unknown}
 n - 2 scrolls of identify {unknown}
 p - 2 scrolls of remove curse {unknown}
 s - a scroll of enchant armour {unknown}
 z - a scroll of fear {unknown}
 B - a scroll of teleportation {unknown}
 C - 2 scrolls of immolation {unknown}
Potions
 d - 2 potions of might
 m - a potion of flight {unknown}
 r - a potion of resistance {unknown}
 t - a potion of cancellation {unknown}
 u - a potion of curing {unknown}
 D - 2 potions of invisibility {unknown}
 E - a potion of heal wounds {unknown}
Comestibles
 e - a bread ration
 g - 3 meat rations
 v - a beef jerky
 w - a slice of pizza
 x - a royal jelly


   Skills:
 * Level 3.6 Fighting
 * Level 3.0 Axes
 * Level 3.9 Armour
 + Level 0.2 Stealth
 * Level 3.4 Shields


You had 4 spell levels left.
You didn't know any spells.

Dungeon Overview and Level Annotations

Branches:
Dungeon (4/15)
 Temple: D:4-7

Altars:
Dithmenos
Okawaru
Xom


Innate Abilities, Weirdness & Mutations

Your flesh is heat resistant.
When hurt, damage is shared between your health and your magic reserves.


Message History

You block the gnoll's attack. The gnoll hits you with a flail.
The gnoll hits you with a halberd.
The gnoll hits you from afar with a spear!
You closely miss the gnoll.
The gnoll is moderately wounded.
You closely miss the gnoll.
The gnoll is severely wounded.
The gnoll hits you with a flail!
* * * LOW HITPOINT WARNING * * *
The gnoll closely misses you. The gnoll hits you but does no damage.
You closely miss the gnoll.
The gnoll is moderately wounded.
You closely miss the gnoll.
The gnoll is heavily wounded.
You block the gnoll's attack.
The gnoll hits you from afar with a spear!
* * * LOW HITPOINT WARNING * * *
The gnoll barely misses you. The gnoll hits you but does no damage.
The gnoll hits you with a flail!
You die...

... .. . .. ..?
... ..##.###.#
.... .....#..#
#.... #.#....#
#...#
.!.?..###....##
#....#.(....#
#.@..#?...#
##ggg.....#
..................
....###...........
.. #>.....#####
........#
.........#
..........#
.$........#


You could see 3 gnolls.

Vanquished Creatures
  A gnoll shaman (D:3)
  Jessica (D:3)
  3 adders (D:3)
  A gnoll (D:3)
  2 oozes
  4 worms (D:3)
  2 giant geckos (D:2)
  An orc (D:3)
  6 giant cockroaches
  11 goblins
  10 hobgoblins
  2 quokkas (D:3)
  9 bats
  4 giant newts
  2 kobolds
  6 rats
65 creatures vanquished.

Notes
Turn   | Place    | Note
--------------------------------------------------------------
     0 | D:1      | JudasIscariot the Demonspawn Fighter began the quest for the Orb.
     0 | D:1      | Reached XP level 1. HP: 18/18 MP: 1/1
   211 | D:1      | Gained mutation: When hurt, damage is shared between your health and your magic reserves. [demonic ancestry]
   211 | D:1      | Reached XP level 2. HP: 24/24 MP: 2/2
   605 | D:1      | Gained mutation: Your flesh is heat resistant. [demonic ancestry]
   605 | D:1      | Reached XP level 3. HP: 24/29 MP: 3/3
   813 | D:2      | Found a shadowy altar of Dithmenos.
  1386 | D:3      | Found a shimmering altar of Xom.
  1387 | D:3      | Found a shimmering altar of Xom.
  1407 | D:3      | Found a shimmering altar of Xom.
  1421 | D:3      | Found a shimmering altar of Xom.
  1625 | D:3      | Reached XP level 4. HP: 9/35 MP: 1/4
  1743 | D:3      | Noticed Jessica
  1750 | D:3      | Killed Jessica
  2203 | D:3      | Found an iron altar of Okawaru.
  2437 | D:3      | Reached XP level 5. HP: 21/41 MP: 2/5
  2440 | D:3      | HP: 3/61 [gnoll shaman/whip of electrocution (18)]
  2730 | D:4      | HP: 1/41 [gnoll/spear (7)]
  2730 | D:4      | Mangled by a gnoll

Action                   |  1- 3 |  4- 6 || total
-------------------------+-------+-------++-------
Melee: War axe           |   172 |    53 ||   225
 Abil: Evoke Berserk Rag |       |     2 ||     2
  Eat: Chunk             |     3 |     4 ||     7
